AoeStats
← khdsdi

Glade

510547741Analyzed
1v1 RM · 2d ago on Oct 1, 2026· 43m 34s· 2 players
Game mode
Random Map
Map size
Tiny (2 player)
Population
200
Speed
Normal
Resources
Standard
Victory
Conquest
Starting age
Dark Age
Ending age
Imperial Age
RankedLock teamsTeams togetherTeam positionsShared explorationLock speedFull tech treeHidden civsTurbo modeCheats
Victory
Defeat
🇫🇷 Berbers · France
404
+14
🇨🇴 Britons · Colombia
359
-14
SoyFedepro27
12:54 Feudal Age
11:10 Loom
13:27 Double-Bit Axe
13:26 Horse Collar
15:41 Wheelbarrow
18:36 Arson
20:39 Town Watch
22:01 Stone Mining
24:19 Forging
24:10 Scale Mail Armor
24:17 Gold Mining
24:23 Man-at-Arms
28:38 Castle Age
28:17 Arson
29:43 Long Swordsman
30:35 Gambesons
36:09 Hand Cart
37:26 Iron Casting
37:07 Chain Mail Armor
40:14 Fortified Wall
40:01 Murder Holes
40:22 Masonry
39:56 Treadmill Crane
40:02 Treadmill Crane
40:22 Murder Holes
40:37 Masonry
40:22 Guard Tower
khdsdi
13:25 Feudal Age
15:52 Horse Collar
16:26 Man-at-Arms
19:33 Wheelbarrow
21:23 Double-Bit Axe
21:42 Town Watch
21:43 Loom
24:01 Arson
26:26 Castle Age
27:05 Padded Archer Armor
26:55 Fletching
27:16 Forging
27:07 Scale Mail Armor
27:13 Scale Barding Armor
28:05 Bloodlines
28:19 Stone Mining
31:36 Hand Cart
31:26 Heavy Plow
30:49 Crossbowman
31:34 Thumb Ring
33:02 Elite Skirmisher
34:19 Long Swordsman
36:10 Husbandry
35:32 Light Cavalry
Connection lost

Rejoining the realm…

Still unreachable

The connection could not be restored.

Session expired

The server has moved on; the page needs a fresh start.